 Dungeon Crawl Stone Soup version 0.26.0-45-g9c1d065592 (webtiles) character file.

Game seed: 8369805571964295226

6832 kaeus the Covert (level 11, -3/74 HPs)
             Began as an Octopode Fighter on Jan 29, 2021.
             Was an Elder of Uskayaw.
             Killed from afar by an electric eel (7 damage)
             ... with a bolt of electricity
             ... on level 10 of the Dungeon.
             The game lasted 00:12:41 (7329 turns).

kaeus the Covert (Octopode Fighter)                 Turns: 7329, Time: 00:12:42

Health: -3/74      AC:  3    Str: 17    XL:     11   Next: 5%
Magic:  17/17      EV: 16    Int: 15    God:    Uskayaw [****..]
Gold:   495        SH: 12    Dex: 15    Spells: 13/18 levels left

rFire    . . .     SeeInvis +   C - +8 dagger of the Scorpion {freeze, Fragile Int+4 SInv}
rCold    . . .     Faith    .   b - +2 kite shield
rNeg     + . .     Spirit   .   (helmet restricted)
rPois    .         Reflect  .   s - amulet of regeneration
rElec    .         Harm     .   g - ring of see invisible
rCorr    .         Rampage  .   u - ring of willpower
Will     +....                  v - ring of positive energy
Stlth    ++++++....             (no ring)
HPRegen  0.62/turn              (no ring)
MPRegen  0.15/turn              (no ring)
                                (no ring)
                                (no ring)

@: no status effects
A: almost no armour, stealthy swim, amphibious, 8 rings, constrict 8, fangs 1,
yellow scales 1, camouflage 1, strong 1, gelatinous body 1
a: Renounce Religion, Stomp, Line Pass


You were on level 10 of the Dungeon.
You worshipped Uskayaw.
Uskayaw was noncommittal.
You visited 1 branch of the dungeon, and saw 10 of its levels.

You collected 495 gold pieces.

Inventory:

Hand Weapons
 i - a +5 dagger of protection
 q - a +3 dagger of distortion
 C - the +8 dagger of the Scorpion (weapon) {freeze, Fragile Int+4 SInv}
   (You found it on level 6 of the Dungeon)

   It has been specially enchanted to freeze those struck by it, causing extra
   injury to most foes and up to half again as much damage against particularly
   susceptible opponents.
   It can also slow down cold-blooded creatures.
   It affects your intelligence (+4).
   It lets you see invisible.
   It will be destroyed if unequipped.
Missiles
 o - 4 curare-tipped darts
 t - 54 poisoned darts
 y - 3 atropa-tipped darts
Armour
 b - a +2 kite shield (worn)
Jewellery
 g - a ring of see invisible (left tentacle)
 s - an amulet of regeneration (around mantle)
 u - a ring of willpower (right tentacle)
 v - a ring of positive energy (on tentacle)
 B - an uncursed amulet of magic regeneration
Wands
 n - a wand of flame (37)
 r - a wand of iceblast (9)
 x - a wand of digging (8)
 E - a wand of polymorph (10)
Scrolls
 a - a scroll of magic mapping
 d - 6 scrolls of immolation
 e - 3 scrolls of teleportation
 m - 5 scrolls of remove curse
 p - 4 scrolls of amnesia
 w - 2 scrolls of fear
Potions
 c - 2 potions of might
 h - a potion of magic {unknown}
 j - a potion of ambrosia {unknown}
 k - 4 potions of brilliance
 l - 4 potions of curing
 z - a potion of attraction {unknown}
 A - 2 potions of mutation
 D - a potion of degeneration {unknown}


   Skills:
 + Level 6.8 Fighting
 + Level 6.3 Short Blades
 + Level 6.7 Dodging
 * Level 12.0 Stealth
 + Level 6.7 Shields
 + Level 4.4 Spellcasting
 + Level 5.0 Hexes


You had 13 spell levels left.
You knew the following spells:

 Your Spells              Type           Power        Failure   Level
a - Ensorcelled Hibernat  Hex/Ice        20%          26%         2
b - Dazzling Flash        Conj/Hex       20%          47%         3

Your spell library contained the following spells:

 Spells                   Type           Power        Failure   Level
 Corona                   Hex            20%          6%          1
 Confusing Touch          Hex            18%          19%         3
 Tukima's Dance           Hex            18%          19%         3
 Sting                    Tmut/Pois      12%          45%         1
 Poisonous Vapours        Pois/Air       6%           58%         2
 Ignite Poison            Fire/Tmut/Pois 3%           83%         3
 Mephitic Cloud           Conj/Pois/Air  3%           83%         3
 Olgreb's Toxic Radiance  Pois           3%           99%         4


Dungeon Overview and Level Annotations

Branches:
Dungeon (10/15)            Temple (0/1) D:6            Lair (0/6) D:10
    Orc: D:9-12

Altars:
Ashenzari
Cheibriados
Dithmenos
Elyvilon
Fedhas
Hepliaklqana
Kikubaaqudgha
Makhleb
Nemelex Xobeh
Qazlal
Ru
Uskayaw
Vehumet
Xom
The Shining One

Annotations:
D:8 3 runed translucent doors


Innate Abilities, Weirdness & Mutations

You cannot wear most types of armour.
You are very stealthy in the water. (Stealth+)
You are amphibious.
You can wear up to eight rings at the same time.
You can use your tentacles to constrict eight enemies at once.
Your skin changes colour to match your surroundings (Stealth+).
Your rubbery body absorbs attacks. (AC +1, EV +1)
You have very sharp teeth.
You are partially covered in yellow scales. (AC +2)
Your muscles are strong. (Str +2)


Message History

You take 9 damage, and have 27/74 hp.
You miss the hound. Your grab misses the hound.
You kill the hound!
You squeeze the hound!
You kill the hound!
The hound misses you. You block the hound's attack.
The electric eel shoots out a bolt of lightning at you!
The bolt of electricity hits you.
* * * LOW HITPOINT WARNING * * *
You take 5 damage, and have 22/74 hp.
You miss the hound. Your grab misses the hound.
The hound is moderately wounded.
You block the hound's attack. The hound bites you.
* * * LOW HITPOINT WARNING * * *
The electric eel shoots out a bolt of lightning at you!
The bolt of electricity hits you!
* * * LOW HITPOINT WARNING * * *
The electric eel shoots out a bolt of lightning at you!
The bolt of electricity hits you!
You die...

............#......≈≈≈
..####.###..#..≈≈≈≈≈≈≈≈≈
. #.# #..#..≈.≈≈≈≈≈≈≈
#.# #......≈≈≈≈.≈≈. #.#
#.....≈≈≈≈≈≈... #.#
##.#...≈;≈;..>. #.#
#.#.≈≈≈.≈≈≈... #.#
#.#..h††≈≈..≈. #>#
#.#...@≈≈≈≈≈.≈ #.#
#.#...h≈≈≈;≈≈≈ #.#
#.#..:.≈..≈≈≈≈ #.#
#..≈≈≈..T..≈
#..$..)....≈
#######.#### ... ###


You could see a troll (pain bonded), 2 hounds and 3 electric eels.

Vanquished Creatures
  A fire dragon (D:9)
  A two-headed ogre (D:9)
  An ugly thing (D:8)
  Psyche (D:9)
  A troll (D:9)
  A hornet (D:7)
  A wind drake (shapeshifter) (D:9)
  A shadow (D:9)
  An orc warrior (D:8)
  2 ice beasts
  3 black bears
  A sky beast (D:5)
  6 ogres
  A phantom (D:7)
  2 centaurs
  2 wolves (D:10)
  3 big kobolds
  6 bullfrogs
  A scorpion (D:6)
  A wyvern skeleton (D:7)
  A water moccasin skeleton (D:8)
  2 howler monkeys
  2 electric eels (D:10)
  A centaur zombie (D:4)
  4 hounds
  3 jellies
  A centaur skeleton (D:9)
  12 orc priests
  Jessica (D:2)
  A bullfrog skeleton (D:10)
  4 iguanas
  5 orc wizards
  7 worker ants
  A killer bee zombie (D:9)
  A hound skeleton (D:8)
  3 gnolls (D:5)
  12 adders
  A shadow imp (D:8)
  2 white imps
  An adder zombie (D:8)
  3 adder skeletons
  6 worms
  4 dart slugs
  7 leopard geckos
  36 orcs
  8 bats
  A bat zombie (D:4)
  7 giant cockroaches
  9 goblins
  9 hobgoblins
  6 jackals
  25 kobolds
  5 quokkas
  2 ball pythons
  9 frilled lizards
  A jackal skeleton (D:7)
  A leopard gecko zombie (D:6)
  A quokka skeleton (D:9)
  A quokka zombie (D:9)
  12 rats
  2 rat zombies (D:4)
257 creatures vanquished.

Notes
Turn   | Place    | Note
-------+----------+-------------------------------------------
     0 | D:1      | kaeus the Octopode Fighter began the quest for the Orb.
     0 | D:1      | Reached XP level 1. HP: 16/16 MP: 1/1
    82 | D:1      | Reached skill level 1 in Stealth
    86 | D:1      | Reached XP level 2. HP: 18/21 MP: 2/2
   709 | D:1      | Reached skill level 2 in Stealth
   709 | D:1      | Reached XP level 3. HP: 26/26 MP: 3/3
  1253 | D:2      | Reached XP level 4. HP: 31/31 MP: 4/4
  1326 | D:2      | Reached skill level 3 in Stealth
  1439 | D:2      | Noticed Jessica
  1442 | D:2      | Killed Jessica
  1596 | D:2      | Reached XP level 5. HP: 25/36 MP: 5/5
  2123 | D:3      | Reached skill level 4 in Stealth
  2210 | D:3      | Found a sacrificial altar of Ru.
  2242 | D:3      | Found a hazy altar of Hepliaklqana.
  2400 | D:3      | Found a broken altar of Ashenzari.
  2481 | D:3      | Found a radiant altar of Vehumet.
  2481 | D:3      | Found a sparkling altar of Nemelex Xobeh.
  2482 | D:3      | Found a hide-covered altar of Uskayaw.
  2681 | D:3      | Became a worshipper of Uskayaw the Reveller
  2764 | D:3      | Found a burning altar of Makhleb.
  2767 | D:3      | Reached * piety under Uskayaw
  2768 | D:3      | Reached XP level 6. HP: 43/43 MP: 6/6
  2867 | D:3      | Reached ** piety under Uskayaw
  3008 | D:4      | Reached skill level 5 in Stealth
  3083 | D:4      | Reached *** piety under Uskayaw
  3490 | D:4      | Found an ancient bone altar of Kikubaaqudgha.
  3668 | D:4      | Gained mutation: Your muscles are strong. (Str +2) [potion
                  | of mutation]
  3668 | D:4      | Gained mutation: You are partially covered in yellow
                  | scales. (AC +2) [potion of mutation]
  3668 | D:4      | Gained mutation: You have very sharp teeth. [potion of
                  | mutation]
  3684 | D:5      | Entered Level 5 of the Dungeon
  3684 | D:5      | Noticed a sky beast
  3690 | D:5      | Killed a sky beast
  3691 | D:5      | Reached skill level 6 in Stealth
  3691 | D:5      | Reached XP level 7. HP: 48/48 MP: 7/7
  3762 | D:5      | Learned a level 2 spell: Ensorcelled Hibernation
  3766 | D:5      | Learned a level 3 spell: Dazzling Flash
  4193 | D:6      | Reached skill level 7 in Stealth
  4193 | D:6      | Reached XP level 8. HP: 54/54 MP: 7/9
  4195 | D:6      | Reached skill level 1 in Spellcasting
  4195 | D:6      | Reached skill level 1 in Hexes
  4195 | D:6      | Reached **** piety under Uskayaw
  4198 | D:6      | Reached ***** piety under Uskayaw
  4219 | D:6      | Found a blossoming altar of Fedhas.
  4220 | D:6      | Found a snail-covered altar of Cheibriados.
  4221 | D:6      | Found a stormy altar of Qazlal.
  4246 | D:6      | Found a shadowy altar of Dithmenos.
  4272 | D:6      | Got a jewelled dagger
  4279 | D:6      | Identified the +8 dagger of the Scorpion {freeze, Fragile
                  | Int+4 SInv} (You found it on level 6 of the Dungeon)
  4415 | D:6      | Reached skill level 8 in Stealth
  4424 | D:6      | Reached skill level 5 in Shields
  4442 | D:7      | Reached skill level 5 in Fighting
  4531 | D:6      | Found a staircase to the Ecumenical Temple.
  4786 | D:7      | Reached skill level 5 in Dodging
  4883 | D:7      | Reached XP level 9. HP: 61/61 MP: 12/12
  4910 | D:7      | Found a glowing golden altar of the Shining One.
  4952 | D:7      | Noticed a hornet
  4963 | D:7      | Killed a hornet
  4971 | D:7      | Reached skill level 9 in Stealth
  5353 | D:8      | Found a shimmering altar of Xom.
  5362 | D:8      | Found a shimmering altar of Xom.
  5363 | D:8      | Found a shimmering altar of Xom.
  5363 | D:8      | Found a shimmering altar of Xom.
  5364 | D:8      | Found a shimmering altar of Xom.
  5364 | D:8      | Found a shimmering altar of Xom.
  5391 | D:8      | Reached skill level 5 in Short Blades
  5897 | D:8      | Reached skill level 10 in Stealth
  6008 | D:8      | Found a runed translucent gate.
  6008 | D:8      | Found a runed translucent gate.
  6009 | D:8      | Found a runed translucent gate.
  6011 | D:8      | Noticed a green ugly thing
  6012 | D:8      | Noticed a red ugly thing
  6014 | D:8      | Noticed a green ugly thing
  6015 | D:8      | Noticed a green ugly thing
  6015 | D:8      | Noticed a red ugly thing
  6186 | D:8      | Noticed a red ugly thing
  6205 | D:8      | Killed a red ugly thing
  6206 | D:8      | Reached XP level 10. HP: 32/68 MP: 9/14
  6266 | D:9      | Noticed a fire dragon
  6266 | D:9      | Noticed a two-headed ogre
  6521 | D:9      | Found a white marble altar of Elyvilon.
  6607 | D:9      | Killed a fire dragon
  6608 | D:9      | Reached skill level 11 in Stealth
  6634 | D:9      | Reached ****** piety under Uskayaw
  6755 | D:9      | Found a shimmering altar of Xom.
  6755 | D:9      | Found a stormy altar of Qazlal.
  6878 | D:9      | Noticed a two-headed ogre
  6892 | D:9      | Killed a two-headed ogre
  6942 | D:9      | Noticed Psyche
  6962 | D:9      | Killed Psyche
  6963 | D:9      | Reached XP level 11. HP: 21/74 MP: 10/17
  7287 | D:10     | Entered Level 10 of the Dungeon
  7316 | D:10     | Found a staircase to the Lair.
  7327 | D:10     | Reached skill level 12 in Stealth
  7327 | D:10     | Reached skill level 5 in Hexes
  7329 | D:10     | Killed from afar by an electric eel

Illustrated notes

Levels and vault maps discovered:
D:1:      lightli_arrival_quake, layout_basic
D:2:      layout_loops_ring, minmay_hedge_maze, minmay_tromino_v4_a,
          uniq_jessica
D:3:      layout_loops_ring, evilmike_ruin_ashenzari,
          gammafunk_temple_overflow_forgotten, nzn_hepliaklqana_mist_gate,
          marbit_many_paths, nicolae_ru_awakened_eye
D:4:      corexii_shack_village, layout_loops_ring,
          lemuel_zombie_altar_kikubaaqudgha
D:5:      layout_rooms
D:6:      layout_rooms, chequers_temple_overflow_statue_of_worship,
          grunt_dithmenos_smoke, minmay_temple_entry_proselytizer
D:7:      layout_basic, lemuel_doored_altar, hangedman_decor_lopped
D:8:      layout_loops_ring, ploomutoo_gammafunk_ghost_potion_laboratory,
          xom_redecorated
D:9:      layout_basic, lemuel_round_altar, jmf_multi_god_temple, uniq_psyche
D:10:     layout_loops_ring, erik_lair_island,
          kennysheep_orc_monster_closet_entryway, nicolae_trove_entry_columns

Skill      XL: |  1  2  3  4  5  6  7  8  9 10 11 |
---------------+----------------------------------+-----
Stealth        | 1 2 3 4 6 7 8 10 11 12 | 12.0
Short Blades   | 3 4 5 6 |  6.3
Shields        | 4 5 6 |  6.7
Fighting       | 4 5 6 |  6.8
Dodging        | 4 5 6 |  6.7
Spellcasting   | 2 3 4 |  4.4
Hexes          | 2 3 4 5 |  5.0

Action                   |  1- 3 |  4- 6 |  7- 9 | 10-12 || total
-------------------------+-------+-------+-------+-------++-------
Melee: Rapier            |    35 |       |       |       ||    35
       Constrict         |    20 |    44 |    38 |    11 ||   113
       Tentacles         |    13 |    36 |    39 |    16 ||   104
       Dagger            |    22 |   183 |   189 |    99 ||   493
       Bite              |       |       |    30 |    14 ||    44
 Cast: Dazzling Flash    |       |       |       |     1 ||     1
Invok: Line Pass         |       |       |     2 |     1 ||     3
  Use: Scroll            |       |    14 |     6 |     1 ||    21
       Potion            |       |     1 |     1 |     3 ||     5
 Stab: Sleeping          |     7 |    27 |    18 |     8 ||    60
       Distracted        |       |     1 |       |       ||     1
       Paralysed         |       |       |    14 |    11 ||    25
       Invisible         |       |       |       |     1 ||     1
Armor: Skin              |     6 |    16 |     5 |    12 ||    39
Dodge: Dodged            |    15 |    53 |    68 |    41 ||   177
Block: Kite shield       |    21 |    42 |    77 |    50 ||   190
